[Event "Titled Tuesday Blitz June 6 Early 2023"]
[White "Zaitsev, Alexander"]
[Black "Aldokhin, Ivan"]
[WhiteFideId "4164490"]
[BlackFideId "24115720"]
[WhiteElo "2373"]
[BlackElo "2322"]
[Result "1-0"]
[Round "11"]
[TimeControl "180+2"]
[Date "2023.06.06"]
[WhiteClock "0:00:15"]
[BlackClock "0:00:02"]
[Board "65"]

1. e4 c5 2. Nf3 g6 3. d4 cxd4 4. Qxd4 Nf6 5. Nc3 Nc6 6. Qa4 d6 7. e5 Ng4 8. Bb5 Nxe5 9. Nxe5 dxe5 10. Bxc6+ bxc6 11. Qxc6+ Bd7 12. Qc5 Bg7 13. O-O O-O 14. Rd1 e6 15. Qd6 Qa5 16. b4 Qb6 17. Qxb6 axb6 18. Rxd7 e4 19. Bb2 Rfc8 20. Nd1 Bxb2 21. Nxb2 Rxc2 22. Nd1 Raxa2 23. Rxa2 Rxa2 24. Kf1 f5 25. Rd6 Kf7 26. Rxb6 Ke7 27. Ke1 f4 28. Rb7+ Kd6 29. Rxh7 Ra1 30. Rg7 Kd5 31. Rxg6 e5 32. h4 Rb1 33. Rb6 Kc4 34. Kd2 Ra1 35. h5 Ra2+ 36. Ke1 Ra7 37. h6 Kd3 38. Rd6+ Kc4 39. b5 Kxb5 40. Rd5+ Kc4 41. Rxe5 Kd4 42. Rf5 Rh7 43. Rxf4 Rxh6 44. Ke2 Rc6 45. Ne3 Ra6 46. Rf5 Ra2+ 47. Ke1 Ra1+ 48. Nd1 Ra2 49. Rf4 Ra1 50. f3 Kd3 51. Rxe4 Rc1 52. g4 Rc2 53. Nf2+ Kc3 54. Kf1 Rc1+ 55. Kg2 Rc2 56. g5 Kd2 57. Rg4 Rc7 58. g6 Rg7 59. Ne4+ Ke3 60. Nd6 Rg8 61. g7 Ke2 62. Nf5 Kd3 63. Ne7 Re8 64. g8=Q Rxe7 65. Qd8+ Kc2 66. Qxe7 1-0


[Site "https://www.chess.com"]

[Event "Titled Tuesday Blitz June 6 Early 2023"]
[White "Gavrilov, Maxim"]
[Black "Jovic, Stanoje"]
[WhiteFideId "24271454"]
[BlackFideId "905020"]
[WhiteElo "1969"]
[BlackElo "2236"]
[Result "1-0"]
[Round "11"]
[TimeControl "180+2"]
[Date "2023.06.06"]
[WhiteClock "0:00:25"]
[BlackClock "0:00:05"]
[Board "66"]

1. Nc3 d5 2. d4 Nf6 3. Bf4 e6 4. e3 Bd6 5. Bxd6 cxd6 6. Be2 O-O 7. Nf3 Nc6 8. O-O Bd7 9. a3 Rc8 10. h3 Na5 11. Nb5 a6 12. Nxd6 Rc6 13. b4 Rxd6 14. bxa5 Qxa5 15. Ne5 Ba4 16. Qd3 Rc8 17. c4 Ne4 18. c5 Rdd8 19. Rfb1 f6 20. Nf3 Nc3 21. Rb4 Nxe2+ 22. Qxe2 Bb5 23. Qb2 Qc7 24. a4 Bc6 25. Rb6 Re8 26. Ne1 e5 27. Nd3 e4 28. Nb4 f5 29. Nxc6 bxc6 30. Rxa6 f4 31. Rb6 f3 32. g3 Qd7 33. Kh2 Re6 34. Rg1 Rh6 35. g4 Qc7+ 36. Rg3 Rg6 37. Rb7 Qd8 38. Qb6 Qh4 39. Rb8 Rxb8 40. Qxb8+ Kf7 41. Qc7+ Kg8 42. a5 h5 43. a6 hxg4 44. a7 gxh3 45. Qc8+ Kh7 46. Qxh3 Rh6 47. Qxh4 1-0


[Site "https://www.chess.com"]

[Event "Titled Tuesday Blitz June 6 Early 2023"]
[White "Kochiev, Ivan"]
[Black "KorolDimitriy75"]
[WhiteFideId "2917890"]
[WhiteElo "2287"]
[BlackElo "2461"]
[Result "1/2-1/2"]
[Round "11"]
[TimeControl "180+2"]
[Date "2023.06.06"]
[WhiteClock "0:01:13"]
[BlackClock "0:01:49"]
[Board "67"]

1. e4 c5 2. Nf3 d6 3. d4 cxd4 4. Nxd4 Nf6 5. f3 g6 6. c4 Bg7 7. Nc3 O-O 8. Be3 Nc6 9. Be2 Bd7 10. O-O Nxd4 11. Bxd4 a5 12. Qd2 Bc6 13. Rfd1 Nd7 14. Be3 Nc5 15. Rab1 Qb6 16. b3 Rfc8 17. a3 Qd8 18. Bf1 Qf8 19. Rdc1 a4 20. bxa4 Nxa4 21. Nd5 Qd8 22. Nb4 Bd7 23. Nd5 Bc6 24. Nb4 Bd7 25. Nd5 Bc6 1/2-1/2


[Site "https://www.chess.com"]

[Event "Titled Tuesday Blitz June 6 Early 2023"]
[White "Diaz Rosas, Julio Cesar"]
[Black "Garcia Cuenca, Victor"]
[WhiteFideId "5105099"]
[BlackFideId "2250829"]
[WhiteElo "2284"]
[BlackElo "2329"]
[Result "1-0"]
[Round "11"]
[TimeControl "180+2"]
[Date "2023.06.06"]
[WhiteClock "0:00:37"]
[BlackClock "0:00:01"]
[Board "68"]

1. e4 c5 2. Nf3 e6 3. d4 cxd4 4. Nxd4 a6 5. c4 d6 6. Nc3 Nf6 7. Be2 Be7 8. O-O O-O 9. b4 b6 10. Bb2 Bb7 11. Qd3 Nbd7 12. f4 Rc8 13. Rac1 Qc7 14. a3 Qb8 15. g4 Rfd8 16. g5 Ne8 17. Qh3 Bf8 18. f5 e5 19. g6 Nef6 20. gxf7+ Kxf7 21. Ne6 Re8 22. Nd5 b5 23. cxb5 axb5 24. Nxf6 Nxf6 25. Bxb5 Bc6 26. Bxc6 Qb6+ 27. Bd4 exd4 28. Bxe8+ Rxe8 29. Qb3 d5 30. exd5 Bd6 31. Rc6 Qb8 32. Rf2 Ng4 33. Rg2 Bxh2+ 34. Kh1 h5 35. d6 Kf6 36. Qd5 Qa8 37. d7 Qxa3 38. dxe8=N+ Ke7 39. Qc5+ Kf7 40. Qf8# 1-0


[Site "https://www.chess.com"]

[Event "Titled Tuesday Blitz June 6 Early 2023"]
[White "Garcia Blanco, Omar"]
[Black "Sanhueza, Cristian"]
[WhiteFideId "2287153"]
[BlackFideId "116815"]
[WhiteElo "2356"]
[BlackElo "2174"]
[Result "0-1"]
[Round "11"]
[TimeControl "180+2"]
[Date "2023.06.06"]
[WhiteClock "0:00:03"]
[BlackClock "0:00:03"]
[Board "69"]

1. e4 e5 2. Nc3 Nf6 3. Bc4 Nc6 4. d3 Bc5 5. f4 d6 6. Nf3 Bg4 7. Na4 Bb6 8. Nxb6 axb6 9. a3 O-O 10. h3 Be6 11. Bxe6 fxe6 12. fxe5 dxe5 13. O-O Qe7 14. Be3 Rad8 15. Nd2 Qf7 16. Kh2 Qg6 17. g4 h5 18. g5 Nd7 19. h4 Rxf1 20. Qxf1 Rf8 21. Qe2 Nd4 22. Bxd4 exd4 23. Rf1 Rxf1 24. Qxf1 Ne5 25. Qf4 Ng4+ 26. Kg3 e5 27. Qf1 Ne3 28. Qh3 Qf7 29. Qc8+ Kh7 30. Nf3 Qf4+ 31. Kf2 Ng4+ 32. Kg2 Ne3+ 33. Kf2 Nxc2 34. Qe8 Qg4 35. Qxe5 Ne3 36. g6+ Qxg6 37. Ng5+ Kg8 38. Qxd4 Ng4+ 39. Ke2 Qf6 40. Qd8+ Qxd8 0-1


[Site "https://www.chess.com"]

[Event "Titled Tuesday Blitz June 6 Early 2023"]
[White "Gheorghiu, Calin"]
[Black "Alexikov, Alexander"]
[WhiteFideId "1200305"]
[BlackFideId "14103958"]
[WhiteElo "2204"]
[BlackElo "2186"]
[Result "1/2-1/2"]
[Round "11"]
[TimeControl "180+2"]
[Date "2023.06.06"]
[WhiteClock "0:00:14"]
[BlackClock "0:00:11"]
[Board "70"]

1. e4 c5 2. Nf3 d6 3. c3 Nf6 4. h3 Nc6 5. Bd3 d5 6. e5 Nd7 7. Bb5 Qc7 8. d4 e6 9. O-O a6 10. Bd3 cxd4 11. cxd4 Nb4 12. Nc3 Nxd3 13. Qxd3 b5 14. a4 b4 15. Ne2 a5 16. Bg5 Ba6 17. Qd2 h6 18. Bh4 Be7 19. Rac1 Qb7 20. Bxe7 Kxe7 21. Rfe1 Rhc8 22. Nf4 Rxc1 23. Rxc1 Rc8 24. Rxc8 Qxc8 25. Nh5 Kf8 26. Qf4 Qc2 27. Qg4 Qg6 28. Qxg6 fxg6 29. Nf4 Kf7 30. h4 Nb8 31. b3 Nc6 32. g4 Ne7 33. Kg2 Nc6 34. Kg3 Ne7 35. Kg2 Nc6 36. Kg3 Ne7 37. Ng1 Nc6 38. Nfe2 g5 39. hxg5 hxg5 40. Kf3 Bd3 41. Ke3 Bc2 42. Nc1 Ne7 43. Nge2 Bd1 44. Kd2 Bxe2 45. Nxe2 Ng6 46. Ke3 Ke7 47. Kf3 Nh4+ 48. Kg3 Ng6 49. f4 gxf4+ 50. Nxf4 Nf8 51. g5 Nd7 52. g6 Nb8 53. Kg4 Nc6 54. Ne2 Kd7 55. Kf4 Ne7 56. Kg5 Nf5 57. Kf4 Ne7 58. Kg5 Nf5 59. Kf4 Ne7 1/2-1/2


[Site "https://www.chess.com"]

[Event "Titled Tuesday Blitz June 6 Early 2023"]
[White "Herman, Daniel"]
[Black "Krutko, Anatoly"]
[WhiteFideId "30935008"]
[BlackFideId "4185862"]
[WhiteElo "1897"]
[BlackElo "2378"]
[Result "0-1"]
[Round "11"]
[TimeControl "180+2"]
[Date "2023.06.06"]
[WhiteClock "0:00:01"]
[BlackClock "0:00:43"]
[Board "71"]

1. c4 g6 2. d4 Bg7 3. e4 d6 4. Nc3 Nf6 5. h3 O-O 6. Nf3 a6 7. Be3 c5 8. dxc5 dxc5 9. Qxd8 Rxd8 10. Bxc5 Nc6 11. Bb6 Re8 12. O-O-O Be6 13. Kb1 Rac8 14. b3 Nd7 15. Bd4 Nxd4 16. Nxd4 Nc5 17. Nxe6 fxe6 18. Kc2 Bxc3 19. Kxc3 Nxe4+ 20. Kc2 Nxf2 21. Be2 Nxh1 22. Rxh1 b6 23. Bg4 Kg7 24. Bxe6 Rcd8 25. Re1 Rd6 26. b4 Kf6 27. Bd5 b5 28. Kb3 bxc4+ 29. Bxc4 e5 30. Rf1+ Kg7 31. a4 e4 32. b5 axb5 33. axb5 e3 34. Kb4 Rc8 35. Bb3 Rd4+ 36. Ka5 Rd3 37. Be6 Re8 38. Bc4 Rd2 39. b6 Rxg2 40. b7 Rb2 41. Ka6 Re7 42. Bd5 e2 43. Re1 Re3 44. Ka7 Ra3+ 45. Kb8 Ra5 46. Bc6 Rc5 47. Kc7 Rcc2 48. b8=Q Rxb8 49. Kxb8 Rxc6 50. Rxe2 Rc3 51. Rh2 Kh6 52. Kb7 Kh5 53. h4 Rc4 54. Re2 Rxh4 55. Kc6 Rd4 56. Kc5 Ra4 57. Rh2+ Rh4 58. Ra2 g5 59. Kd5 Rf4 60. Ke5 Kg6 61. Ra6+ Kg7 62. Ra7+ Rf7 63. Ra6 h5 64. Rb6 h4 65. Rb5 Kg6 66. Rb8 Kh5 67. Rh8+ Kg4 68. Ke4 Re7+ 69. Kd3 h3 70. Rh7 Rxh7 0-1


[Site "https://www.chess.com"]

[Event "Titled Tuesday Blitz June 6 Early 2023"]
[White "Liu, Casper"]
[Black "Matveeva, Olga"]
[WhiteFideId "1454153"]
[BlackFideId "24107018"]
[WhiteElo "2221"]
[BlackElo "2009"]
[Result "1-0"]
[Round "11"]
[TimeControl "180+2"]
[Date "2023.06.06"]
[WhiteClock "0:00:15"]
[BlackClock "0:00:05"]
[Board "72"]

1. e4 e6 2. Nf3 d5 3. Nc3 Nf6 4. Qe2 Be7 5. d4 dxe4 6. Nxe4 Nbd7 7. h4 Nxe4 8. Qxe4 Nf6 9. Qd3 Bd7 10. Bg5 Bc6 11. O-O-O Qd5 12. Kb1 Qa5 13. Ne5 Be4 14. Qe3 Bf5 15. Bxf6 gxf6 16. g4 Bxc2+ 17. Kxc2 fxe5 18. dxe5 Qxa2 19. Qe4 c6 20. Rh3 Qa5 21. Rhd3 Rd8 22. Kb1 Rxd3 23. Bxd3 Qd5 24. Qf4 Qc5 25. g5 Kf8 26. h5 h6 27. g6 f5 28. exf6 Bd6 29. g7+ Kf7 30. Bg6+ 1-0


[Site "https://www.chess.com"]

[Event "Titled Tuesday Blitz June 6 Early 2023"]
[White "Moore, Nicholas"]
[Black "Jaskolka, Tomasz"]
[WhiteFideId "4303709"]
[BlackFideId "1170791"]
[WhiteElo "2418"]
[BlackElo "2155"]
[Result "1-0"]
[Round "11"]
[TimeControl "180+2"]
[Date "2023.06.06"]
[WhiteClock "0:00:06"]
[BlackClock "0:00:02"]
[Board "73"]

1. c4 e6 2. g3 f5 3. Bg2 Nf6 4. Nf3 Be7 5. O-O O-O 6. d4 d6 7. b3 Ne4 8. Bb2 Bf6 9. Qc2 Nc6 10. Rd1 Qe8 11. Ne1 Nb4 12. Qc1 e5 13. d5 Bg5 14. e3 Nf6 15. a3 Na6 16. f4 Bh6 17. b4 Bd7 18. Nf3 Qh5 19. Nbd2 Ng4 20. Nf1 Rae8 21. h3 Nxe3 22. Qxe3 exf4 23. Qf2 fxg3 24. Nxg3 Qg6 25. Re1 f4 26. Nf1 Bxh3 27. N1h2 Bf5 28. Nh4 Qh5 29. Nxf5 Qxf5 30. Nf3 Nb8 31. Nd4 Qg4 32. Rxe8 Rxe8 33. Ne6 Nd7 34. Re1 Nb6 35. Re4 Qf5 36. Qf3 Nd7 37. Bh3 Qg6+ 38. Kf1 Ne5 39. Bxe5 dxe5 40. Rxe5 Qb1+ 41. Re1 Qc2 42. Qe4 Qh2 43. Bg2 Qg3 44. Qf3 Qg6 45. Re4 Qf5 46. b5 g5 47. Bh3 Qf6 48. Bg4 c6 49. d6 1-0


[Site "https://www.chess.com"]

[Event "Titled Tuesday Blitz June 6 Early 2023"]
[White "Lopez Idarraga, Daniel Eduardo"]
[Black "Sharapov, Evgeny"]
[WhiteFideId "4405501"]
[BlackFideId "14103133"]
[WhiteElo "1980"]
[BlackElo "2367"]
[Result "1-0"]
[Round "11"]
[TimeControl "180+2"]
[Date "2023.06.06"]
[WhiteClock "0:00:27"]
[BlackClock "0:00:51"]
[Board "74"]

1. d4 Nf6 2. Bf4 c5 3. e3 e6 4. c3 Nc6 5. Nd2 d5 6. Ngf3 Bd6 7. Bg3 O-O 8. Bd3 b6 9. Qe2 Bb7 10. e4 dxe4 11. Nxe4 Be7 12. dxc5 bxc5 13. O-O Qb6 14. Rfd1 Rad8 15. h3 Rd5 16. Nxf6+ Bxf6 17. Be4 Rxd1+ 18. Rxd1 Rd8 19. a4 g6 20. Rxd8+ Qxd8 21. Qb5 Qb6 22. Qxb6 axb6 23. Bc7 Na5 24. Bxb7 Nxb7 25. Bxb6 Bd8 26. Bxd8 Nxd8 27. a5 Nc6 28. a6 f6 29. Nd2 Kf7 30. Ne4 Ke7 31. Nxc5 Kd6 32. b4 e5 33. Kf1 Kd5 34. Ke2 Kc4 35. Kd2 Na7 36. Nd7 f5 37. Nxe5+ Kb5 38. Kd3 Kxa6 39. Kc4 Kb6 40. f4 Kc7 41. Kd5 Nb5 42. c4 Nc3+ 43. Ke6 Ne2 44. Nd3 Ng3 45. Kf6 Nf1 46. Kg7 Ne3 47. Kxh7 Nxg2 48. Kxg6 1-0


[Site "https://www.chess.com"]

[Event "Titled Tuesday Blitz June 6 Early 2023"]
[White "Vivas Zamora, Fabian Ernesto"]
[Black "Ginzburg, Yakov"]
[WhiteFideId "3902480"]
[BlackFideId "4157176"]
[WhiteElo "2244"]
[BlackElo "2305"]
[Result "1-0"]
[Round "11"]
[TimeControl "180+2"]
[Date "2023.06.06"]
[WhiteClock "0:00:06"]
[BlackClock "0:00:04"]
[Board "75"]

1. e4 c5 2. Nf3 e6 3. d4 cxd4 4. Nxd4 Nf6 5. Nc3 Nc6 6. Nxc6 bxc6 7. e5 Nd5 8. Ne4 Qc7 9. f4 Qb6 10. c4 Ne3 11. Qd3 Bb4+ 12. Ke2 Nxc4 13. Kf3 Ba6 14. Qb3 Na5 15. Qa4 Bxf1 16. Rxf1 Qb5 17. Qxb5 cxb5 18. Rd1 a6 19. a4 Nb3 20. Ra2 Ke7 21. Be3 f5 22. exf6+ gxf6 23. Rd3 f5 24. Rxb3 fxe4+ 25. Kxe4 d5+ 26. Kf3 a5 27. axb5 Rab8 28. b6 Rhf8 29. g3 e5 30. Rxb4 axb4 31. Bc5+ Kf7 32. Ra7+ Ke6 33. Bxf8 Rxf8 34. b7 Rb8 35. Ra6+ Kf7 36. Rb6 exf4 37. Kxf4 Ke7 38. Rxb4 Kd6 39. Ke3 Kc5 40. Rb3 d4+ 41. Kd3 Kc6 42. g4 Kc7 43. h4 h6 44. g5 hxg5 45. hxg5 Kd7 46. g6 Ke7 47. Kxd4 Kf6 48. Kc5 Kxg6 49. Kc6 Rf8 50. b8=Q Rf6+ 51. Qd6 1-0


[Site "https://www.chess.com"]

[Event "Titled Tuesday Blitz June 6 Early 2023"]
[White "Fajdetic, Hrvoje"]
[Black "Pinheiro, Iung Alicio de O."]
[WhiteFideId "14501945"]
[BlackFideId "2104350"]
[WhiteElo "2185"]
[BlackElo "2283"]
[Result "0-1"]
[Round "11"]
[TimeControl "180+2"]
[Date "2023.06.06"]
[WhiteClock "0:00:03"]
[BlackClock "0:00:28"]
[Board "76"]

1. d4 Nf6 2. Bf4 e6 3. e3 d5 4. Nf3 Bd6 5. Bg3 c5 6. c3 Qc7 7. Ne5 Nbd7 8. f4 Ne4 9. Bh4 O-O 10. Nd2 Nxd2 11. Qxd2 cxd4 12. exd4 f6 13. Nd3 e5 14. fxe5 fxe5 15. dxe5 Nxe5 16. Nxe5 Bxe5 17. Qxd5+ Kh8 18. Bc4 Be6 19. Qxe6 Rae8 20. O-O-O Rxe6 21. Bxe6 Bxc3 22. Kb1 Qb6 23. Bb3 Bf6 24. Rhf1 a5 25. Bg3 a4 26. Rd6 Qb4 27. Rf4 Qxd6 28. Rxa4 Qd3+ 29. Kc1 Rc8+ 30. Rc4 Bg5+ 0-1


[Site "https://www.chess.com"]

[Event "Titled Tuesday Blitz June 6 Early 2023"]
[White "Zheenbekov, Nurgazy"]
[Black "Bogaudinov, Rushan"]
[WhiteFideId "13800485"]
[BlackFideId "4129288"]
[WhiteElo "1975"]
[BlackElo "1967"]
[Result "1-0"]
[Round "11"]
[TimeControl "180+2"]
[Date "2023.06.06"]
[WhiteClock "0:00:18"]
[BlackClock "0:00:09"]
[Board "77"]

1. e4 a6 2. d4 e6 3. Nf3 b5 4. Bd3 Bb7 5. O-O c5 6. dxc5 Bxc5 7. a4 b4 8. Bg5 Qc7 9. Nbd2 Nc6 10. Nc4 Nge7 11. e5 Ng6 12. Qe2 O-O 13. h4 d5 14. exd6 Bxd6 15. h5 Nge5 16. Nxd6 Qxd6 17. Be4 Nxf3+ 18. Qxf3 Nd4 19. Bxh7+ Kxh7 20. Qxb7 Qc5 21. Qe4+ f5 22. Qe3 Rac8 23. Rad1 Nxc2 24. Qxe6 f4 25. Qg6+ Kg8 26. Rd7 Qe5 27. h6 Rc7 28. Rxg7+ Rxg7 29. hxg7 Qxg7 30. Qxc2 Qxg5 31. Qc4+ Kg7 32. Qd4+ Rf6 33. Rc1 f3 34. Rc7+ Kg6 35. Qe4+ Qf5 36. gxf3 Kh6 37. Qh4+ 1-0


[Site "https://www.chess.com"]

[Event "Titled Tuesday Blitz June 6 Early 2023"]
[White "Goswami, Vedant"]
[Black "Andreev, Konstantin"]
[WhiteFideId "5003725"]
[BlackFideId "24239305"]
[WhiteElo "2011"]
[BlackElo "2106"]
[Result "1-0"]
[Round "11"]
[TimeControl "180+2"]
[Date "2023.06.06"]
[WhiteClock "0:00:16"]
[BlackClock "0:00:01"]
[Board "78"]

1. a3 e5 2. c4 Nf6 3. Nc3 d5 4. cxd5 Nxd5 5. g3 Nc6 6. Bg2 Nb6 7. d3 Be7 8. Be3 O-O 9. Rc1 Rb8 10. Nf3 f6 11. O-O Be6 12. Ne4 Nd4 13. Nc5 Bxc5 14. Rxc5 c6 15. Nxd4 exd4 16. Bd2 Nd5 17. Qa4 Nb6 18. Qxa7 Qc7 19. Ba5 Nc8 20. Bxc7 Nxa7 21. Bxb8 Rxb8 22. Rfc1 Kf7 23. b4 Nb5 24. a4 Nc3 25. R1xc3 dxc3 26. Rxc3 Ra8 27. a5 Ke7 28. d4 Kd6 29. e3 Bd7 30. Bf3 Bh3 31. Bg2 Bd7 32. f4 b6 33. Ra3 Ra7 34. Kf2 bxa5 35. Rxa5 Rb7 36. Ra4 Kc7 37. Ke2 Kb6 38. Ra5 Kc7 39. Rc5 Rxb4 40. Bxc6 Bxc6 41. d5 Rb2+ 42. Kf3 Kd6 43. Rxc6+ Kxd5 44. Rc7 Rxh2 45. Rxg7 Ke6 46. e4 Rh1 47. f5+ Kd6 48. Rf7 Rh6 49. Kf4 Kc5 50. e5 fxe5+ 51. Kxe5 Rh1 52. Rg7 Re1+ 53. Kf4 Rf1+ 54. Kg5 h6+ 55. Kg6 Kd6 56. g4 Rf4 57. Kxh6 Ke5 58. Kg5 Rf1 59. Re7+ Kd6 60. Re4 Kd5 61. Re2 Ra1 62. f6 Kd6 63. Kg6 Ra8 64. g5 Kd5 65. f7 Kd6 66. Kg7 Ra7 67. Kg8 1-0


[Site "https://www.chess.com"]

[Event "Titled Tuesday Blitz June 6 Early 2023"]
[White "Orujov2008"]
[Black "Lacasa Diaz, Jose Antonio"]
[BlackFideId "2203375"]
[WhiteElo "2492"]
[BlackElo "2338"]
[Result "1-0"]
[Round "11"]
[TimeControl "180+2"]
[Date "2023.06.06"]
[WhiteClock "0:00:20"]
[BlackClock "0:00:19"]
[Board "79"]

1. e4 c5 2. Nf3 Nf6 3. Nc3 d5 4. exd5 Nxd5 5. Nxd5 Qxd5 6. Bb5+ Bd7 7. Bxd7+ Nxd7 8. O-O e5 9. Re1 O-O-O 10. Qe2 f6 11. d3 Nb8 12. Be3 Nc6 13. a3 Kb8 14. Rab1 Nd4 15. Nxd4 cxd4 16. Bd2 Rc8 17. c4 dxc3 18. Bxc3 Bc5 19. Red1 Rhd8 20. Rbc1 Bd4 21. h3 a6 22. Bxd4 Qxd4 23. Rxc8+ Rxc8 24. Rd2 Rc1+ 25. Kh2 Qf4+ 26. g3 Qd4 27. Qe4 h6 28. Qxd4 exd4 29. Kg2 Kc7 30. Kf3 Re1 31. h4 Kd6 32. Rc2 h5 33. Rc4 Rb1 34. Rxd4+ Ke6 35. b4 Rb3 36. a4 b5 37. a5 g5 38. hxg5 fxg5 39. Ke4 Rb2 40. f4 h4 41. f5+ Ke7 42. gxh4 gxh4 43. Ke5 Re2+ 44. Kd5 h3 45. Kc6 h2 46. Rh4 Rb2 47. Kc5 Kf6 48. Rh5 Rf2 49. Kb6 Rf4 50. Kxa6 Rxb4 51. Rxh2 Kxf5 52. Kb7 Ra4 53. a6 b4 54. a7 Ke5 55. a8=Q Rxa8 56. Kxa8 Kd4 57. Rb2 Kc3 58. Rb1 b3 59. d4 Kc2 60. Rxb3 1-0


[Site "https://www.chess.com"]

[Event "Titled Tuesday Blitz June 6 Early 2023"]
[White "Yanayt, Eugene"]
[Black "Arencibia Monduy, Antonio"]
[WhiteFideId "2020165"]
[BlackFideId "3507939"]
[WhiteElo "2083"]
[BlackElo "2487"]
[Result "0-1"]
[Round "11"]
[TimeControl "180+2"]
[Date "2023.06.06"]
[WhiteClock "0:00:15"]
[BlackClock "0:00:11"]
[Board "80"]

1. d4 c5 2. d5 d6 3. c4 e6 4. Nc3 exd5 5. cxd5 Nf6 6. Nf3 g6 7. Nd2 Bg7 8. e4 O-O 9. Be2 a6 10. a4 Ne8 11. O-O Nd7 12. Ra3 Rb8 13. Kh1 Nc7 14. Nc4 Qe7 15. Bf4 Ne5 16. Nb6 Nd7 17. Nc4 Ne5 18. Nb6 Na8 19. Nxa8 Rxa8 20. a5 Rb8 21. Na4 f5 22. exf5 Bxf5 23. Nb6 Qc7 24. Bd2 Rbe8 25. Rg3 Nd7 26. Nc4 b5 27. axb6 Qb8 28. Ba5 Ne5 29. Ne3 Bc8 30. Qa4 Bb7 31. b3 Bh6 32. Rd1 Rxf2 33. Bg4 Ref8 34. Be6+ Kh8 35. Kg1 Qd8 36. Bd2 Qf6 37. Qa1 Rxd2 38. Rxd2 Nf3+ 39. Rxf3 Qxa1+ 40. Rd1 Bxe3+ 41. Rxe3 Qxd1+ 42. Re1 Qxe1# 0-1


[Site "https://www.chess.com"]

[Event "Titled Tuesday Blitz June 6 Early 2023"]
[White "Turzo, Attila"]
[Black "Ibadov, Dashgyn"]
[WhiteFideId "704954"]
[BlackFideId "24107514"]
[WhiteElo "2483"]
[BlackElo "2208"]
[Result "1-0"]
[Round "11"]
[TimeControl "180+2"]
[Date "2023.06.06"]
[WhiteClock "0:00:06"]
[BlackClock "0:00:03"]
[Board "81"]

1. d4 Nf6 2. c4 c5 3. d5 d6 4. Nc3 g6 5. g3 Bg7 6. Bg2 O-O 7. Nf3 e6 8. O-O exd5 9. cxd5 Re8 10. a4 Nbd7 11. Bf4 Qe7 12. Re1 Nh5 13. Bg5 Qf8 14. e4 a6 15. Qd2 Ne5 16. Nxe5 Bxe5 17. Be3 f5 18. f4 Bxc3 19. bxc3 fxe4 20. c4 Bg4 21. h3 Bf3 22. Bxf3 exf3 23. Qf2 Re4 24. Qxf3 Rae8 25. Bf2 Rxe1+ 26. Rxe1 Rxe1+ 27. Bxe1 Qe8 28. Bc3 Ng7 29. Bb2 Nf5 30. Kf2 Qxa4 31. Qe2 Qd7 32. g4 Nd4 33. Bxd4 cxd4 34. Kf3 b5 35. cxb5 axb5 36. Qe4 b4 37. Qxd4 Qb7 38. Ke4 b3 39. Qb2 Qb4+ 40. Ke3 Qc4 41. Qf6 Qxd5 42. Qd8+ Kg7 43. Qe7+ Qf7 44. Qxd6 b2 45. Qb4 Qf6 46. Kf2 g5 47. f5 Kh6 48. Ke2 Qe5+ 49. Kd3 1-0


[Site "https://www.chess.com"]

[Event "Titled Tuesday Blitz June 6 Early 2023"]
[White "Cardozo Munar, Carlos Eduardo"]
[Black "Aloma Vidal, Robert"]
[WhiteFideId "4409477"]
[BlackFideId "2260409"]
[WhiteElo "2067"]
[BlackElo "2435"]
[Result "0-1"]
[Round "11"]
[TimeControl "180+2"]
[Date "2023.06.06"]
[WhiteClock "0:01:08"]
[BlackClock "0:01:15"]
[Board "82"]

1. e4 e5 2. Nf3 Nf6 3. Nc3 Nc6 4. Nxe5 Nxe5 5. d4 Ng6 6. e5 Ng8 7. Bc4 Bb4 8. O-O Bxc3 9. bxc3 d5 10. exd6 cxd6 11. Qf3 Nf6 12. Bg5 O-O 13. h4 h6 14. h5 hxg5 15. hxg6 d5 16. gxf7+ Rxf7 17. Bd3 Qd6 18. Rae1 Bg4 19. Qe3 Qf4 20. f3 Qxe3+ 21. Rxe3 Bd7 22. Re5 g4 23. f4 Rc8 24. Rb1 b6 25. Rb3 Bc6 26. g3 Ne4 27. Kg2 Bb7 28. c4 Nd2 29. Ra3 dxc4+ 0-1


[Site "https://www.chess.com"]

[Event "Titled Tuesday Blitz June 6 Early 2023"]
[White "Makhmudov, Shukhrat"]
[Black "Do Nascimento,Christian Almeida"]
[WhiteFideId "14200775"]
[BlackFideId "2143801"]
[WhiteElo "2135"]
[BlackElo "2078"]
[Result "0-1"]
[Round "11"]
[TimeControl "180+2"]
[Date "2023.06.06"]
[WhiteClock "0:00:18"]
[BlackClock "0:00:06"]
[Board "83"]

1. e4 c5 2. Nf3 g6 3. d4 cxd4 4. Nxd4 Bg7 5. Nc3 Nc6 6. Be3 Nf6 7. Nxc6 bxc6 8. e5 Ng8 9. Bd4 c5 10. Bxc5 Bxe5 11. Bc4 Nf6 12. O-O Bxh2+ 13. Kxh2 Qc7+ 14. Bd6 Qxd6+ 15. Qxd6 exd6 16. Rfe1+ Kf8 17. Nb5 d5 18. Nc7 Rb8 19. Nxd5 Nxd5 20. Bxd5 Rxb2 21. Bb3 Bb7 22. Rad1 Bc6 23. Rd3 h5 24. Rd4 h4 25. Rf4 f5 26. Rb4 Kg7 27. Re7+ Kf6 28. Rf7+ Kg5 29. Rd4 a5 30. a4 h3 31. g3 Rb1 32. Bd5 Rb4 33. c4 Bxd5 34. Rxd5 Rxa4 35. Rd6 Ra2 36. Rg7 Rxf2+ 37. Kg1 Rg2+ 38. Kf1 Rh6 39. Rgxd7 Ra2 40. Kg1 Rg2+ 41. Kh1 Rxg3 42. Rd3 Rxd3 43. Rxd3 Kf4 44. Ra3 g5 45. c5 g4 46. Rc3 Rc6 47. Kh2 Ke4 48. Kg3 Kd4 49. Ra3 Rxc5 50. Ra4+ Kc3 51. Ra3+ Kb4 52. Ra1 a4 53. Rc1 Rxc1 0-1


[Site "https://www.chess.com"]

[Event "Titled Tuesday Blitz June 6 Early 2023"]
[White "LeoLV10"]
[Black "Baches Garcia, Guillermo"]
[BlackFideId "2209764"]
[WhiteElo "2425"]
[BlackElo "2502"]
[Result "1-0"]
[Round "11"]
[TimeControl "180+2"]
[Date "2023.06.06"]
[WhiteClock "0:00:17"]
[BlackClock "0:00:08"]
[Board "84"]

1. e4 d5 2. exd5 Qxd5 3. Nc3 Qa5 4. Bc4 Nf6 5. d3 e6 6. Bd2 a6 7. Nd5 Qc5 8. Bb4 Qc6 9. Nxf6+ gxf6 10. Bxf8 Qxg2 11. Ba3 Qxh1 12. Qg4 Nd7 13. O-O-O Qxh2 14. Qg7 Rf8 15. Bxe6 c5 16. Bxd7+ Bxd7 17. Bxc5 O-O-O 18. Bxf8 Qxf2 19. Qxf7 Bg4 20. Qc4+ Kb8 21. Qxg4 Rxf8 22. Qf3 Qd4 23. Ne2 Qd6 24. Qf4 Qxf4+ 25. Nxf4 Rg8 26. Rh1 Rg4 27. Nd5 f5 28. Rxh7 Rd4 29. Ne3 Rf4 30. Rf7 Rf2 31. Nxf5 1-0


[Site "https://www.chess.com"]

[Event "Titled Tuesday Blitz June 6 Early 2023"]
[White "Ansh M Shah"]
[Black "Bas Mas, Jose Joaquin"]
[WhiteFideId "25033379"]
[BlackFideId "22219064"]
[WhiteElo "2084"]
[BlackElo "2212"]
[Result "0-1"]
[Round "11"]
[TimeControl "180+2"]
[Date "2023.06.06"]
[WhiteClock "0:00:02"]
[BlackClock "0:01:33"]
[Board "85"]

1. d4 d5 2. c4 e6 3. g3 Nf6 4. Bg2 Bb4+ 5. Nd2 O-O 6. Nf3 c6 7. O-O a5 8. a3 Bd6 9. Qc2 Nbd7 10. e4 dxe4 11. Nxe4 Nxe4 12. Qxe4 Nf6 13. Qe2 a4 14. Bg5 h6 15. Be3 Qe7 16. Rfd1 Bc7 17. Ne5 Rd8 18. Rac1 Nd7 19. Nd3 Nb6 20. Nc5 Nd7 21. Ne4 Bb6 22. Bf4 Nf6 23. c5 Nxe4 24. cxb6 Nf6 25. Bc7 Re8 26. Re1 Ra5 27. Qd2 Rb5 28. Rc2 Nd5 29. Bxd5 Rxd5 30. Rc4 Bd7 31. Qc3 Ra8 32. Rc1 f6 33. h4 Be8 34. Rc5 Qd7 35. Qb4 Rxd4 36. Qc3 Bg6 37. Qe3 e5 38. Kh2 h5 39. Rxc6 bxc6 40. b7 Rb8 41. Bxb8 Qxb7 42. Bxe5 fxe5 43. Qxe5 Qxb2 44. Rxc6 Rxh4+ 45. gxh4 Qxe5+ 0-1


[Site "https://www.chess.com"]

[Event "Titled Tuesday Blitz June 6 Early 2023"]
[White "Lehtosaari, Mauri"]
[Black "Topalov, Aleksandar"]
[WhiteFideId "501999"]
[BlackFideId "925659"]
[WhiteElo "2476"]
[BlackElo "2151"]
[Result "1-0"]
[Round "11"]
[TimeControl "180+2"]
[Date "2023.06.06"]
[WhiteClock "0:00:42"]
[BlackClock "0:01:23"]
[Board "86"]

1. d4 Nf6 2. Nf3 g6 3. Bg5 Bg7 4. Nbd2 d6 5. e3 O-O 6. Bc4 c5 7. O-O cxd4 8. exd4 Nc6 9. c3 Bf5 10. Re1 Re8 11. Qb3 d5 12. Bb5 Qb6 13. Bxf6 Bxf6 14. Qxd5 Be6 15. Qc5 Qxc5 16. dxc5 Red8 17. Nb3 a6 18. Bxc6 bxc6 19. Nbd4 Bd7 20. Ne5 Rac8 21. Nxd7 Rxd7 22. Re4 a5 23. g3 Rcd8 24. Nxc6 Rd1+ 25. Re1 Rxa1 26. Rxa1 Rd2 27. Rb1 a4 28. b4 Bxc3 29. b5 1-0


[Site "https://www.chess.com"]